Map: Stasis LE

Players

Sirius - Winner!

  • Race: Zerg Zerg
  • League: Gold
  • Spawn Location: 11:00

Yocto

  • Race: Zerg Zerg
  • Spawn Location: 1:00

VOD

Have the link to the VOD?

Description

Time

  • Played on: Dec. 21, 2018, 6:04 a.m.
  • Length: 11:35
Show
View Real Time Build Order
Export as new Build Order

Sirius Zerg - Winner!

Build Orders: Pool First 

Get SALT Encoding   

  12  0:08  Overlord  
  12  0:15  Drone  
  13  0:23  Drone  
  13  0:27  Drone  
  15  0:36  Extractor  
  15  0:42  Spawning Pool  
  13  0:52  Drone x3  
  16  1:04  Drone  
  17  1:26  Hatchery  
  17  1:31  Drone  
  17  1:32  Drone  
  18  1:36  Drone  
  19  1:46  Baneling Nest  
  18  1:50  Drone  
  19  1:56  Queen  
  21  2:03  Overlord  
  21  2:18  Drone  
  22  2:32  Extractor  
  21  2:40  Queen  
  21  2:43  Drone  
  21  2:44  Drone x3  
  27  2:58  Roach Warren  
  26  3:04  Lair  
  26  3:08  Zergling x2  
  26  3:09  Zergling x2  
  28  3:12  Overlord  
  28  3:15  Pneumatized Carapace  
  28  3:34  Drone  
  28  3:35  Drone x5  
  34  4:07  Drone x2  
  34  4:08  Overlord x3  
  34  4:09  Overlord x2  
  36  4:25  Glial Reconstitution  
  36  4:50  Drone x4  
  36  4:51  Drone x2  
  42  4:53  Zergling x6  
  42  4:54  Centrifical Hooks  
  42  4:57  Drone  
  42  4:58  Drone  
  47  5:01  Roach  
  49  5:19  Metabolic Boost  
  49  5:30  Baneling x3  
  49  5:41  Evolution Chamber  
  48  5:46  Evolution Chamber  
  48  5:47  Drone x2  
  48  5:48  Drone x2  
  51  5:51  Extractor  
  51  5:54  Extractor  
  47  6:05  Zergling x12  
  53  6:18  Zerg Ground Armor Level 1, Zerg Melee Weapons Level 1  
  53  6:19  Zergling x2  
  53  6:20  Zergling x2  
  55  6:27  Drone x3  
  55  6:29  Drone x2  
  55  6:30  Drone  
  55  6:31  Overlord  
  61  6:43  Baneling  
  61  6:44  Baneling x16  
  61  6:45  Baneling x6  
  61  6:48  Drone  
  61  6:49  Drone x2  
  61  6:51  Roach  
  61  6:54  Overseer  
  66  6:59  Drone  
  67  7:01  Zergling x2  
  67  7:02  Zergling x10  
  67  7:07  Queen  
  75  7:08  Queen  
  77  7:18  Hatchery  
  77  7:21  Extractor  
  77  7:22  Extractor  
  74  7:23  Drone x3  
  77  7:31  Roach x3  
  77  7:35  Hydralisk Den  
  61  8:03  Hydralisk x4  
  61  8:04  Hydralisk x3  
  75  8:07  Spore Crawler x2  
  75  8:09  Spore Crawler  
  75  8:11  Spore Crawler x2  
  70  8:13  Spore Crawler  
  70  8:14  Spore Crawler  
  70  8:15  Spore Crawler  
  70  8:17  Overlord x5  
  70  8:18  Overlord, Spore Crawler  
  66  8:20  Overlord  
  58  8:42  Hydralisk x5  
  60  8:49  Zergling x2  
  57  9:14  Hydralisk x2  
  57  9:15  Hydralisk x4  
  66  9:31  Hydralisk x4  
  66  9:32  Roach  
  42  10:10  Zergling x2  
  42  10:11  Zergling x14  
  46  10:41  Zergling x2  
  46  10:42  Zergling x10  
  47  10:48  Zergling x2  
  32  10:52  Spine Crawler  
  22  11:07  Zergling x10  
  24  11:14  Spine Crawler x3  
  24  11:16  Spine Crawler  
  20  11:20  Spine Crawler  
  20  11:21  Spore Crawler  
  20  11:22  Spore Crawler  
Show
View Real Time Build Order
Export as new Build Order

Yocto Zerg 

Build Orders: Hatch First 

Get SALT Encoding   

  12  0:02  Drone  
  13  0:14  Overlord  
  13  0:19  Drone  
  14  0:34  Drone x2  
  16  0:37  Drone  
  17  0:59  Hatchery  
  17  1:00  Drone  
  17  1:05  Drone  
  17  1:06  Extractor  
  17  1:24  Spawning Pool  
  16  1:27  Drone x2  
  18  1:38  Drone  
  19  1:46  Overlord  
  19  2:02  Drone x2  
  21  2:12  Queen  
  21  2:14  Queen  
  25  2:15  Metabolic Boost  
  25  2:18  Zergling x2  
  25  2:19  Zergling x2  
  27  2:24  Drone  
  27  2:26  Drone  
  29  2:35  Drone x2  
  31  2:46  Overlord  
  31  2:58  Lair  
  31  3:05  Extractor, Drone x3  
  33  3:10  Drone  
  34  3:21  Queen  
  36  3:27  Baneling Nest, Drone x5  
  36  3:28  Drone x2  
  42  3:43  Overlord x2  
  42  3:54  Extractor  
  41  3:56  Extractor  
  40  4:09  Spire, Drone  
  39  4:13  Overlord x2  
  39  4:15  Drone x3  
  42  4:18  Drone x3  
  45  4:25  Drone  
  46  4:32  Drone x2  
  48  4:44  Spine Crawler  
  47  4:47  Spine Crawler  
  47  4:50  Zergling x2  
  47  4:51  Zergling x6  
  47  4:52  Spine Crawler  
  49  4:54  Spine Crawler  
  49  4:56  Zergling x2  
  49  4:57  Baneling  
  49  5:05  Zergling x4  
  51  5:16  Drone x2  
  53  5:27  Mutalisk x4  
  61  5:38  Mutalisk  
  61  5:39  Mutalisk x3  
  69  5:48  Mutalisk  
  71  6:00  Overlord x3  
  71  6:01  Mutalisk x2  
  75  6:17  Overlord  
  75  6:20  Drone x2  
  77  6:31  Evolution Chamber  
  76  6:33  Drone x4  
  76  6:34  Mutalisk  
  76  6:35  Mutalisk x2  
  86  6:58  Mutalisk x3  
  86  6:59  Mutalisk  
  94  7:06  Hatchery  
  93  7:08  Zerg Melee Weapons Level 1  
  93  7:14  Drone  
  94  7:15  Mutalisk  
  94  7:19  Zergling x4  
  94  7:20  Zergling x4  
  100  7:34  Zergling x8  
  100  7:35  Zergling x2  
  100  7:36  Baneling x4  
  105  7:39  Zergling x2  
  86  8:00  Zergling x10  
  91  8:07  Mutalisk x2  
  95  8:17  Queen, Zergling x4  
  100  8:20  Drone  
  95  8:41  Zergling x6  
  95  8:42  Zergling x14  
  95  8:43  Zergling x2  
  95  8:47  Zergling x2  
  105  8:50  Mutalisk  
  107  8:59  Mutalisk x2  
  111  9:06  Mutalisk  
  111  9:07  Mutalisk  
  111  9:13  Baneling  
  111  9:15  Baneling x3  
  111  9:16  Baneling x5  
  111  9:18  Overlord x4  
  111  9:29  Zergling x6  
  111  9:31  Overlord x2  
  113  9:43  Zergling x12  
  111  9:52  Zergling x8  
  108  9:59  Zergling x4  
  111  10:00  Zergling x2  
  111  10:06  Zergling x8  
  114  10:13  Zergling x4  
  116  10:20  Zergling x2  
  117  10:35  Zergling x6  
  116  10:36  Zergling x4  
  116  10:40  Zergling x2  
  113  10:47  Zergling x4  
  112  10:54  Zergling x6  
  115  11:10  Zergling x6  
  115  11:11  Zergling x2  
  119  11:15  Zergling x2  
  119  11:16  Zergling x12  
Tags
 
League
Gold
Matchup
ZvZ
Race
Zerg
Replay Pack
Yocto
Spawn Locations
Close Positions
Add a new tag
Caveats
  • Supply blocks, unpowered buildings, or Contaminate may cause inaccurate times.
  • Supply counts are checked every 10 seconds.